[Event "Romanian Team Blitz Open 2022"]
[Site "Sebes"]
[Date "2022.12.04"]
[Round "4.20"]
[White "Tarciuc, Ianis-Mihai"]
[Black "Prelipcean, Eric-Matei"]
[Result "1/2-1/2"]
[ECO "A38"]
[WhiteElo "1642"]
[BlackElo "1909"]
[Annotator "TA"]
[PlyCount "107"]
[EventDate "2022.12.04"]
[EventType "blitz"]
[EventCountry "ROU"]
[SourceTitle "playchess.com"]
[Source "ChessBase"]
[SourceQuality "1"]
[TimeControl "180+2"]

1. g3 Nf6 2. Bg2 g6 3. Nf3 Bg7 4. c4 c5 5. Nc3 Nc6 6. O-O O-O 7. d3 b6 8. a3 Bb7 9. Rb1 d5 10. cxd5 Nxd5 11. Nxd5 Qxd5 12. Bd2 {[%emt 0:00:23] A38: Symmetrical English vs ...g6: 4 Bg2 Bg7 5 Nf3 Nf6.} Qd7 13. Bc3 Nd4 {[%emt 0:00:06] [#]} 14. Nxd4 $146 {[%emt 0:00:27] aiming for Bxb7. Black has an edge.} ({Predecessor:} 14. Bxd4 cxd4 15. Rc1 Rac8 16. Qd2 a5 17. Rxc8 Rxc8 18. Rc1 e5 19. Rc2 h6 20. Qc1 Rxc2 21. Qxc2 {0-1 (35) Roque Sola,J (2217)-Vagman,R (2287) Chess.com INT 2022}) 14... Bxg2 {[%emt 0:00:04][%mdl 64] [#]} 15. Kxg2 cxd4 16. Bd2 Qd5+ 17. Kg1 Rfc8 18. Qa4 Rc7 (18... Qe6 $15 19. Rfe1 a6) 19. Rfc1 b5 20. Qd1 ({White should try} 20. Qa6 $14 Qb7 21. Qxb7 Rxb7 22. Rc5) 20... Rac8 $11 21. Rxc7 Rxc7 22. Rc1 Qd7 23. Rxc7 Qxc7 24. Qc1 Qxc1+ 25. Bxc1 {[%emt 0:00:00][%mdl 4096] Endgame KB-KB} e5 26. Kg2 Kf8 27. f4 f6 28. fxe5 fxe5 29. Kf3 {[%emt 0:00:00] [#] Threatens to win with Ke4.} Ke7 30. Ke4 {[%emt 0:00:01] Strongly threatening Kd5.} Ke6 31. Bd2 Bf8 32. Ba5 Bd6 33. Bd2 a6 34. Ba5 Bb8 35. Bd2 Bc7 36. e3 dxe3 {[%emt 0:00:03] The position is equal.} 37. Bxe3 a5 38. Bd2 a4 39. Bc3 Bd6 40. Ba5 Bc5 41. Bc3 Bd6 42. Ba5 h5 43. Bc3 Bc7 44. Bb4 Bd8 45. Bc3 Bf6 46. h4 Bh8 47. Bb4 Bg7 48. Bc3 Bf6 49. Bb4 Bd8 50. Bc3 Bc7 51. Bb4 Bb8 52. Bc3 Bc7 53. Bb4 Bb8 54. Ba5 {[%emt 0:00:01] Weighted Error Value: White=0.08 (flawless) /Black=0.12 (very precise)} 1/2-1/2

[Event "Romanian Team Blitz Open 2022"]
[Site "Sebes"]
[Date "2022.12.04"]
[Round "4.21"]
[White "Stanca, Adrian"]
[Black "Macarie, Maia-Elisabeta"]
[Result "1-0"]
[ECO "D02"]
[WhiteElo "2182"]
[BlackElo "1100"]
[Annotator "TA"]
[PlyCount "35"]
[EventDate "2022.12.04"]
[EventType "blitz"]
[EventCountry "ROU"]
[SourceTitle "playchess.com"]
[Source "ChessBase"]
[SourceQuality "1"]
[TimeControl "180+2"]

1. Nf3 d5 2. g3 Nc6 3. d4 Nf6 4. Bg2 e6 5. O-O Bd7 6. Nbd2 {[%emt 0:00:15] D02: 1 d4 d5 2 Nf3 sidelines, including 2...Nf6 3 g3 and 2...Nf6 3 Bf4.} Bb4 7. c3 Ba5 {[%emt 0:00:02] [#]} ({Black should try} 7... Be7 $14) 8. a4 $146 {[%emt 0:00:02] White is better.} ({Predecessor:} 8. Re1 O-O 9. e4 dxe4 10. Nxe4 Nxe4 11. Rxe4 h6 12. Ne5 Nxe5 13. Rxe5 f6 14. Rxa5 b6 15. Rh5 Be8 16. Rxh6 gxh6 17. Bxh6 b5 18. Qg4+ Kf7 19. Qg7# {1-0 (19) Palici,B-Foisor,V Timisoara 1999}) 8... a6 9. Re1 O-O 10. e4 Re8 (10... Nxe4 $16 {was necessary.} 11. Nxe4 dxe4) 11. e5 $18 Ng4 12. Nf1 Ne7 (12... f6 $142 13. b4 Bb6) 13. h3 Nh6 14. Bxh6 gxh6 15. Qd2 Rc8 16. b4 ({Don't play} 16. Qxh6 Nf5 17. Qf4 c5 $18) 16... Bb6 17. Qxh6 {[%emt 0:00:03] [#] Threatening mate with Ng5.} ({Much less strong is} 17. a5 Ba7 18. Qxh6 Nf5 $18) 17... a5 $2 (17... Nf5 $18 18. Qf4 Rf8) 18. Ng5 {[%emt 0:00:03] White took control after the opening.   Weighted Error Value: White=0.06 (flawless) /Black=0.81} 1-0

[Event "Romanian Team Blitz Open 2022"]
[Site "Sebes"]
[Date "2022.12.04"]
[Round "4.22"]
[White "Burja-Udrea, Razvan-Andrei"]
[Black "Coicev, Matei-Andrei"]
[Result "0-1"]
[ECO "B45"]
[WhiteElo "1365"]
[BlackElo "2009"]
[Annotator "TA"]
[PlyCount "48"]
[EventDate "2022.12.04"]
[EventType "blitz"]
[EventCountry "ROU"]
[SourceTitle "playchess.com"]
[Source "ChessBase"]
[SourceQuality "1"]
[TimeControl "180+2"]

1. e4 c5 2. Nf3 e6 3. d4 cxd4 4. Nxd4 Nf6 5. Nc3 Nc6 6. Be3 Bb4 7. f3 d5 8. Bd3 {[%emt 0:00:00] B45: Sicilian Four Knights.} dxe4 9. Bxe4 ({White should try} 9. Nxc6 $15 bxc6 10. fxe4) 9... Nxe4 $17 10. fxe4 {[%emt 0:00:00] Black is better.} Qh4+ 11. Kf1 Bxc3 12. bxc3 Qxe4 {[%emt 0:00:05] [#]} 13. Qe2 $146 (13. Qd3 $17 Qxd3+ 14. cxd3) ({Predecessor:} 13. Qd2 O-O 14. Qf2 e5 15. Nb3 Qc4+ 16. Kg1 Qxc3 17. Rf1 b6 18. h3 Be6 19. Nc1 {0-1 (38) Kuehne,L (1108)-Oganessjan,A (1720) Magdeburg 2014}) 13... O-O 14. Nxc6 Qxc6 15. Rd1 (15. Kf2 $142) 15... e5 16. h4 Be6 17. h5 $2 (17. Kg1) 17... Bc4 $19 18. Rd3 e4 19. h6 g6 {[%emt 0:00:32] [#] aiming for ...Rad8.} 20. Kf2 exd3 21. cxd3 Bd5 {[%emt 0:00:17][%csl LRc3,LRg2] Threatens to win with ...Rae8.} 22. Qb2 Qf6+ 23. Ke2 Rfe8 24. Kd2 {[%emt 0:00:00] [#]} Rxe3 $1 {[%emt 0:00:05] White got outplayed after the opening.   Weighted Error Value: White=1.50/Black=0.29 (precise)} 0-1

[Event "Romanian Team Blitz Open 2022"]
[Site "Sebes"]
[Date "2022.12.04"]
[Round "4.23"]
[White "Danila, Tudor-Gabriel"]
[Black "Simina, Alexandru-Ioan"]
[Result "1-0"]
[ECO "C47"]
[WhiteElo "1939"]
[BlackElo "1244"]
[Annotator "TA"]
[PlyCount "101"]
[EventDate "2022.12.04"]
[EventType "blitz"]
[EventCountry "ROU"]
[SourceTitle "playchess.com"]
[Source "ChessBase"]
[SourceQuality "1"]
[TimeControl "180+2"]

1. e4 e5 2. Nf3 Nc6 3. Nc3 Nf6 4. d4 exd4 5. Nxd4 Bc5 6. Be3 Nxd4 7. Bxd4 Bxd4 8. Qxd4 d6 9. O-O-O {[%emt 0:00:14] [#] White is more active.} Bg4 $146 {[%emt 0:01:01] C47: Scotch Four Knights and Four Knights with 4 g3.} ({Predecessor:} 9... Qe7 10. f3 O-O 11. g4 c6 12. Qxd6 Qxd6 13. Rxd6 Be6 14. Be2 Rfd8 15. Rxd8+ Rxd8 16. h3 Kf8 17. f4 Ke7 18. g5 Ne8 {1-0 (52) Zarnicki,P (2514)-Badelka,O (2418) Chess.com INT 2021}) 10. f3 Be6 11. g4 Nd7 {[%emt 0:00:03] White is better.} 12. Qxg7 Qf6 13. Qxf6 Nxf6 14. Bb5+ Bd7 (14... c6 $16) 15. Bc4 {[%emt 0:00:02][%cal Oe4e5] Black must now prevent e5!} Rf8 16. Rhe1 {[%emt 0:00:03] [#] And now e5 would win.} O-O-O 17. Kd2 h5 18. g5 Nh7 (18... Ng8 $142 19. a3 Ne7) 19. h4 $18 a6 20. a3 Be6 21. Bf1 Rg8 (21... Rh8 $142 22. f4 Bg4) 22. Ne2 (22. Be2 $18) 22... f6 $2 {[%emt 0:00:03] [#] Loses the game.} (22... Nf8 $16) 23. Nf4 Rde8 (23... Bf7 {was worth a try.} 24. Bh3+ Kb8) 24. Nxe6 ({Less strong is} 24. Nxh5 fxg5 25. hxg5 Nxg5 $16) ({Not} 24. g6 Nf8 25. Ke3 (25. Nxh5 Rxg6 26. Nf4 Rh6 $16) 25... b5 $18) 24... Rxe6 25. Bh3 Kd7 26. f4 fxg5 27. hxg5 Rf8 28. Bxe6+ Kxe6 {[%emt 0:00:11][%mdl 4096] Endgame KRR-KRN} 29. g6 Nf6 30. f5+ Ke5 31. Kd3 Ng4 32. Re2 {[%emt 0:00:02] Prevents Nf2+.} h4 (32... Rg8 $142 33. Rh1 Nf6) 33. Rh1 h3 34. Rxh3 c5 35. Rg3 c4+ 36. Kxc4 Rc8+ 37. Kd3 Kf6 38. Rxg4 {[%emt 0:00:01] White mates.} d5 39. e5+ Kxf5 40. Rgg2 Re8 41. Kd4 Ke6 42. g7 Rg8 43. Rg6+ Kf7 44. Rf6+ Ke7 45. Rg2 Kd7 46. Kxd5 b5 47. e6+ Ke7 48. Rf7+ Kd8 49. Rh2 Ke8 50. Rh8 Rxh8 51. gxh8=R# {[%emt 0:00:05] Weighted Error Value: White=0.29 (precise) /Black=0.80} 1-0

[Event "Romanian Team Blitz Open 2022"]
[Site "Sebes"]
[Date "2022.12.04"]
[Round "4.24"]
[White "Simina, Andrei-Petru"]
[Black "Mainescu, Andrei-Cristian"]
[Result "0-1"]
[ECO "D00"]
[WhiteElo "1033"]
[BlackElo "1860"]
[Annotator "NA RC COMBH"]
[PlyCount "80"]
[EventDate "2022.12.04"]
[EventType "blitz"]
[EventCountry "ROU"]
[SourceTitle "playchess.com"]
[Source "ChessBase"]
[SourceQuality "1"]
[TimeControl "180+2"]

1. d4 Nf6 2. Nc3 d5 3. Nf3 Bf5 4. Bf4 e6 5. Nb5 Na6 6. e3 c6 7. Nc3 Bb4 8. Bd3 Ne4 9. Bxe4 Bxe4 10. O-O Bf5 11. Ne2 h6 12. Ng3 Bh7 13. c3 Be7 14. Qb3 Qc8 15. Nh5 Bg6 16. Ng3 Bd3 17. Rfd1 Bc4 18. Qc2 c5 19. Ne5 g5 20. Nxc4 dxc4 21. Be5 f6 22. Qa4+ Kf7 23. Qxc4 fxe5 24. Ne4 cxd4 25. Qxc8 Raxc8 26. exd4 exd4 27. cxd4 Rhd8 28. Rac1 Rxc1 29. Rxc1 Rxd4 30. h3 Rxe4 31. Rc8 Bd6 32. g3 Rb4 33. Ra8 Rxb2 34. Rxa7 Bc5 35. Ra8 Bxf2+ 36. Kh1 Bxg3 37. Rb8 Nxb8 38. h4 gxh4 39. a4 h3 40. a5 Rb1# 0-1

[Event "Romanian Team Blitz Open 2022"]
[Site "Sebes"]
[Date "2022.12.04"]
[Round "4.25"]
[White "Dragomirescu, Robin-Alexandru"]
[Black "Zaim, Marian"]
[Result "1/2-1/2"]
[ECO "A03"]
[WhiteElo "2337"]
[BlackElo "1935"]
[Annotator "TA"]
[PlyCount "100"]
[EventDate "2022.12.04"]
[EventType "blitz"]
[EventCountry "ROU"]
[SourceTitle "playchess.com"]
[Source "ChessBase"]
[SourceQuality "1"]
[TimeControl "180+2"]

1. b3 d5 2. Bb2 c5 3. e3 Nc6 4. Bb5 Bd7 5. f4 e6 6. Nf3 Nf6 7. O-O Be7 8. d3 a6 {[%emt 0:00:07] A03: Bird's Opening with 1...d5.} 9. Bxc6 Bxc6 10. Ne5 $1 {[%emt 0:00:03] 10.Ne5 is better than 10.Nbd2.} Qc7 11. Nd2 Rd8 {[%emt 0:00:09] [#]} 12. a4 $146 ({Predecessor:} 12. Qf3 d4 13. e4 Nd7 14. Nxc6 Qxc6 15. Qg3 O-O 16. Nf3 f5 17. Rae1 Rde8 18. Bc1 {0-1 (85) Esipenko,A (2682)-Sarana,A (2654) Chess.com INT 2020}) 12... b5 13. axb5 axb5 14. Nxc6 Qxc6 15. Nf3 Ra8 {[%emt 0:00:12] Against Ra7} (15... O-O $11) 16. Ne5 $14 Qb7 17. Qf3 {[%emt 0:00:30] White is more active.} (17. Rxa8+ $16 Qxa8 18. g4) 17... O-O $11 {[%emt 0:00:07] The position is equal.} 18. f5 Rxa1 19. Rxa1 Ra8 20. Rxa8+ Qxa8 21. fxe6 fxe6 22. Qh3 Qc8 23. g4 Nd7 {[%emt 0:00:11] Inhibits g5.} 24. Nxd7 Qxd7 {[%emt 0:00:02][%mdl 4096] Endgame KQB-KQB} 25. Qg3 Bd6 26. Be5 Bf8 27. Kg2 Qc6 28. Qf3 c4 29. bxc4 bxc4 30. Kg3 cxd3 31. cxd3 Qb5 32. d4 Qd7 33. g5 Qf7 34. Qg4 Qg6 35. h4 Qf7 36. h5 g6 37. h6 Qf5 38. Qxf5 exf5 {[%emt 0:00:03] KB-KB} 39. Kf4 Kf7 40. Bb8 Ke6 41. Be5 Ba3 42. Kf3 Bc1 43. Ke2 Kd7 44. Bf4 Ba3 45. Kd3 Kc6 46. Kc3 Kb5 47. Kb3 Be7 48. Kc3 Bd8 49. Kb3 Be7 50. Kc3 Bd8 {Weighted Error Value: White=0.03 (flawless) /Black=0.05 (flawless)} 1/2-1/2

[Event "Romanian Team Blitz Open 2022"]
[Site "Sebes"]
[Date "2022.12.04"]
[Round "4.26"]
[White "Tinta, Gheorghe"]
[Black "Ionescu, Mihai"]
[Result "0-1"]
[ECO "A17"]
[WhiteElo "1855"]
[BlackElo "2243"]
[Annotator "TA"]
[PlyCount "56"]
[EventDate "2022.12.04"]
[EventType "blitz"]
[EventCountry "ROU"]
[SourceTitle "playchess.com"]
[Source "ChessBase"]
[SourceQuality "1"]
[TimeControl "180+2"]

1. d4 d5 2. Nf3 Nf6 3. g3 c6 4. Bg2 Bf5 5. c4 e6 6. cxd5 exd5 7. Nc3 Bd6 8. O-O O-O 9. Qb3 Qb6 10. Qxb6 axb6 11. b3 {[%emt 0:00:07] A17: English Opening: 1...Nf6 with ...Bb4.} Nbd7 {[%emt 0:00:04] [#] Black is more active.} 12. Nh4 $146 ({Predecessor:} 12. Be3 Ba3 13. Bc1 b5 14. Nh4 Be6 15. f4 Nb6 16. Nf3 Ra6 17. Ne5 Bf5 18. Bxa3 Rxa3 {0-1 (35) Paul,B (1629)-Reuben,S (2068) England 2013}) 12... Bc2 13. Bb2 {[%emt 0:00:21] Black has an edge.} h6 14. Rac1 Bh7 15. a4 Rfe8 16. Bh3 Bb4 17. e3 Rad8 ({Black should play} 17... g5 $17 18. Nf5 h5) 18. Ne2 $2 (18. Bf5 $15) 18... Ne4 (18... Bd3 $19 19. Nc3 Bxf1 20. Bxf1 g6) 19. Nf3 $15 g5 20. Bxd7 Rxd7 21. Ne5 Rde7 {[%emt 0:00:07] And now ...Nd2 would win.} 22. Nd3 {[%emt 0:00:22] [#]} (22. Rfd1 $17) 22... Bd6 (22... Nxg3 $1 $19 23. Nxg3 Bxd3) 23. b4 (23. Rcd1 $17) 23... Nd2 $19 24. Rfd1 {[%emt 0:00:02] [#]} Nc4 $36 {[%emt 0:00:17][%mdl 2048] Threatens to win with ...Bxd3. Black has strong initiative.} ({Stronger than} 24... Bxd3 25. Rxd2 Bc4 26. Bc3 $17) 25. Rc2 $2 (25. Bc3) 25... Ra8 26. Kg2 (26. Nc3 $142) 26... Rxa4 27. Bc3 (27. Nc3 $142 Ra8 28. Bc1) 27... Re8 {[%emt 0:00:03][%cal Oe8e3] aiming for ...Rxe3!} 28. f4 $2 (28. Kg1) 28... Nxe3+ {[%emt 0:00:10] Weighted Error Value: White=1.05/Black=0.45} 0-1

[Event "Romanian Team Blitz Open 2022"]
[Site "Sebes"]
[Date "2022.12.04"]
[Round "4.27"]
[White "Dragomirescu, Calin"]
[Black "Dumitrascu, Daniel"]
[Result "1-0"]
[ECO "D08"]
[WhiteElo "1971"]
[BlackElo "1694"]
[Annotator "TA"]
[PlyCount "83"]
[EventDate "2022.12.04"]
[EventType "blitz"]
[EventCountry "ROU"]
[SourceTitle "playchess.com"]
[Source "ChessBase"]
[SourceQuality "1"]
[TimeControl "180+2"]

1. d4 d5 2. c4 e5 3. dxe5 d4 4. Nf3 Nc6 5. Nbd2 Bg4 6. a3 Nge7 7. b4 {[%emt 0:00:04] D08: Albin Counter Gambit.} Ng6 $1 8. Bb2 Ncxe5 ({Black should play} 8... Ngxe5 9. Qc2 Nxf3+ 10. Nxf3 Qf6) 9. h3 (9. Nxd4 $2 Nd3+ 10. exd3 Bxd1 11. Kxd1 Be7 $19) (9. Bxd4 $16 f6 10. e3) 9... Bxf3 $14 10. Nxf3 Nxf3+ 11. exf3 {[%emt 0:00:02] [#]} (11. gxf3 $14 c5 12. Rg1) 11... Qe7+ $146 ({Predecessor:} 11... c5 12. b5 Be7 13. Bd3 Qa5+ 14. Qd2 Qxd2+ 15. Kxd2 Ne5 16. f4 Nxd3 17. Kxd3 O-O 18. Rae1 Bf6 19. Re2 a6 20. a4 {½-½ (20) Da Costa,M (1588)-Espindola,C (1438) Lages 2020}) 12. Qe2 O-O-O 13. Qxe7 (13. c5 $5 ) 13... Bxe7 14. Bd3 Bf6 (14... c5 $11) 15. O-O (15. Bf5+ $14 {is superior.} Kb8 16. Bxg6 hxg6 17. Kd2) 15... Ne5 16. Bf5+ Kb8 17. Rac1 (17. c5 $11) 17... g6 $17 18. Be4 {[%emt 0:00:00] [#]} Bg7 (18... Bg5 $1 $17 19. Rcd1 Nxc4 20. Bxd4 Rhe8) 19. f4 $11 f5 20. Bb1 Nf7 (20... Nd7 $11 {keeps the balance.}) 21. Rcd1 (21. c5 $16) 21... Rhe8 22. Rfe1 a6 ({Better is} 22... Nd6 $14) 23. c5 $16 Kc8 {[%emt 0:00:29] [#]} (23... Nh6 $16 {might work better.}) 24. Kf1 (24. Ba2 $1 $18) 24... Bh8 25. Bd3 Kb8 26. g3 h6 27. h4 g5 $2 (27... h5 28. Bc4 Nh6) 28. hxg5 (28. Bxf5 Rxe1+ 29. Kxe1 gxh4 30. gxh4 h5 $18) 28... hxg5 29. fxg5 (29. Bxf5 $6 Rxe1+ 30. Rxe1 gxf4 $18) 29... Nxg5 30. Rxe8 ({Don't play} 30. Bxf5 $6 Rf8 $18) 30... Rxe8 31. Bxf5 Rd8 32. Kg2 a5 33. f4 (33. bxa5 Nf7 34. f4 Re8 $18) 33... Nf7 34. Kf3 ({Don't take} 34. bxa5 Nh6 $18) 34... Nh6 35. Bd3 {[%emt 0:00:00] White is clearly winning.} Re8 36. Bc1 ({Not} 36. bxa5 Re3+ 37. Kg2 Re8 $18) 36... axb4 37. axb4 Kc8 38. Rh1 Nf7 39. Rh7 Nd8 40. Bd2 Ne6 41. Bf5 Kd8 42. Bxe6 {[%emt 0:00:00] Weighted Error Value: White=0.33/Black=0.53} 1-0

[Event "Romanian Team Blitz Open 2022"]
[Site "Sebes"]
[Date "2022.12.04"]
[Round "4.28"]
[White "Carac, Radu-Ionut"]
[Black "Santimbrean, Mihnea-Nicolae"]
[Result "0-1"]
[ECO "D36"]
[WhiteElo "1569"]
[BlackElo "1491"]
[Annotator "NA RC COMBH"]
[PlyCount "52"]
[EventDate "2022.12.04"]
[EventType "blitz"]
[EventCountry "ROU"]
[SourceTitle "playchess.com"]
[Source "ChessBase"]
[SourceQuality "1"]
[TimeControl "180+2"]

1. d4 e6 2. c4 d5 3. Nc3 Nf6 4. Bg5 Nbd7 5. e3 c6 6. Nf3 Be7 7. cxd5 exd5 8. Bd3 O-O 9. O-O h6 10. Bh4 Re8 11. Qc2 Ne4 12. Bxe7 Qxe7 13. Rfe1 Ndf6 14. Ne5 Nxc3 15. bxc3 Nd7 16. Nxd7 Bxd7 17. e4 dxe4 18. Rxe4 Qg5 19. Rae1 Rxe4 20. Rxe4 Bh3 21. f3 Bf5 22. Re1 Bxd3 23. Qxd3 Rd8 24. Rb1 Re8 25. Rxb7 Qc1+ 26. Kf2 Qe1# 0-1

[Event "Romanian Team Blitz Open 2022"]
[Site "Sebes"]
[Date "2022.12.04"]
[Round "4.29"]
[White "Saioc, David"]
[Black "Stefan, Romulus-Cristian"]
[Result "1-0"]
[ECO "C40"]
[WhiteElo "2026"]
[BlackElo "2097"]
[Annotator "TA"]
[PlyCount "111"]
[EventDate "2022.12.04"]
[EventType "blitz"]
[EventCountry "ROU"]
[SourceTitle "playchess.com"]
[Source "ChessBase"]
[SourceQuality "1"]
[TimeControl "180+2"]

1. Nf3 f5 2. d3 Nc6 3. e4 e5 4. g3 Nf6 5. Nc3 Bc5 (5... fxe4 $11 {keeps the balance.} 6. dxe4 Bb4) 6. Bg2 {[%emt 0:00:03] C40: Latvian and Elephant Gambits.} (6. exf5 $16 d5 7. Bh3) 6... d6 7. O-O a6 {[%emt 0:00:06] [#]} ({Black should play} 7... O-O $11) 8. Be3 $146 {[%emt 0:00:30] White is slightly better.} (8. Bg5 $5 ) ({Predecessor:} 8. Nd5 fxe4 9. dxe4 Nxe4 10. Nh4 Nf6 11. Bg5 O-O 12. Nxf6+ Rxf6 13. Bd5+ Kh8 14. Qh5 Qd7 15. Be4 Rh6 16. Bxh6 gxh6 17. Qxh6 Qf7 {1-0 (17) Masip Tressera,O (2150)-Bestard Borras,M (2135) Palma de Mallorca 2022}) 8... Bxe3 9. fxe3 fxe4 10. Nxe4 (10. Ng5 $11) 10... O-O (10... Nxe4 $15 11. dxe4 Qe7) 11. Nxf6+ (11. Nfg5 $5 ) 11... Rxf6 (11... Qxf6 $2 12. Nd4 $1 Qe7 13. Rxf8+ (13. Nxc6 Rxf1+ 14. Qxf1 bxc6 $16) 13... Qxf8 14. Nxc6 bxc6 15. Bxc6 $16) 12. Qd2 (12. d4 $14 {should be considered.}) 12... h6 13. Nh4 Be6 14. Rxf6 Qxf6 15. Rf1 Qg5 16. a3 Re8 17. Nf3 (17. Be4 {seems wilder.} Rb8 18. Qf2 Ne7 19. Bg2) 17... Qh5 18. Ne1 Nd8 19. d4 b6 20. dxe5 (20. d5 $5 Bg4 21. Be4 $14) 20... Qxe5 21. Nd3 Qb5 22. Qc3 Qc4 23. Qd2 Bf7 24. Nf4 Qc5 25. Re1 a5 26. Bd5 g5 $2 (26... Qb5 $11 {and Black is okay.}) 27. Bxf7+ $2 ({Better is} 27. b4 $18 Qb5 28. c4) 27... Nxf7 $11 28. Nd5 Re5 29. Nf6+ Kg7 30. Nd7 (30. b4 {is more complex.} axb4 31. axb4 Qc4 32. Rf1) 30... Qd5 (30... Qc6 $11 {and Black stays safe.} 31. Nxe5 Nxe5) 31. Qxd5 $2 (31. Qc3 $18) 31... Rxd5 $18 {[%emt 0:00:02][%mdl 4096] Endgame KRN-KRN} 32. e4 (32. Kf2 $15) 32... Rd2 $17 33. Rc1 $2 (33. Rf1 $17) 33... Ne5 (33... g4 $1 $19 {...Ng5 is the strong threat.} 34. Re1 Rxc2) 34. Nxe5 dxe5 {[%emt 0:00:00] KR-KR} 35. c4 Rxb2 36. c5 $2 (36. Rd1) 36... b5 $19 37. c6 (37. Ra1 $142) 37... Kf6 38. Rc5 a4 39. Rd5 Rc2 $2 (39... b4 $19 {has better winning chances.} 40. axb4 a3) 40. Rxb5 $17 Rxc6 41. Rb4 Ra6 42. Kf2 c5 43. Rc4 {[%emt 0:00:01] [#]} Ra5 $1 44. Ke3 Ke6 45. Kf3 $2 (45. Kd3 $17) 45... Kd6 $19 46. Kg4 Kc6 47. Kf5 {[%emt 0:00:01] [#]} Kb5 $1 48. Rc1 Ra6 $2 (48... Ra8 $19 {Hoping for ...Re8.} 49. Kxe5 c4) 49. Kxe5 $11 {[%emt 0:00:01] Black must now prevent Kd5.} c4 $2 (49... Ra8 $11) 50. Kd5 $18 {[%emt 0:00:01] White is clearly winning.} Ra8 51. Rb1+ (51. Rxc4 $2 {is the wrong capture.} Rd8+ 52. Ke5 Kxc4 $19) 51... Ka5 52. Kxc4 {[%emt 0:00:01] aiming for e5.} Rc8+ 53. Kd4 Rc2 54. e5 Rxh2 55. e6 (55. Re1 $142 Rd2+ 56. Kc4) 55... Re2 56. Kd5 {[%emt 0:00:01] What a bad dream for Black.   Weighted Error Value: White=0.60/Black=0.56} 1-0

[Event "Romanian Team Blitz Open 2022"]
[Site "Sebes"]
[Date "2022.12.04"]
[Round "4.30"]
[White "Arion, Ilie"]
[Black "Tariceanu, Victor"]
[Result "1-0"]
[ECO "A81"]
[WhiteElo "1924"]
[BlackElo "1720"]
[Annotator "TA"]
[PlyCount "90"]
[EventDate "2022.12.04"]
[EventType "blitz"]
[EventCountry "ROU"]
[SourceTitle "playchess.com"]
[Source "ChessBase"]
[SourceQuality "1"]
[TimeControl "180+2"]

1. g3 f5 2. Bg2 g6 3. d4 Bg7 4. Nf3 Nf6 5. O-O d6 6. b3 O-O 7. Bb2 c6 {[%emt 0:00:00] [#]} 8. a3 $146 {[%emt 0:00:02] A81: Dutch Defence: 2 g3.} ({Predecessor:} 8. Nbd2 a5 9. c4 Na6 10. a3 Bd7 11. Re1 Ne4 12. e3 Qc7 13. Qc2 Nxd2 14. Qxd2 e5 15. e4 f4 16. c5 Bg4 17. cxd6 Qxd6 18. dxe5 Qxd2 19. Nxd2 {0-1 (37) Keymer,V (2672)-Sadhwani,R (2622) Chess.com INT 2022}) 8... Ne4 9. Nbd2 d5 10. c4 {[%emt 0:00:04] White has an edge.} Nd7 11. cxd5 cxd5 12. b4 Ndf6 13. Qb3 e6 14. Rac1 Bd7 15. Rfd1 {[%emt 0:00:07] [#]} (15. Nxe4 $11 Nxe4 16. Rc2) 15... Nd6 $2 (15... Qe8 $1 $17 {White must now prevent ...Ba4.} 16. Rf1 Bh6) 16. Ne5 (16. a4 $5 ) 16... Bb5 17. Re1 Nfe4 {[%emt 0:00:22] Inhibits a4.} 18. Nxe4 fxe4 19. a4 Bc4 20. Nxc4 Nxc4 21. e3 Rc8 22. Bf1 $2 {[%emt 0:00:01][%mdl 8192] [#]} (22. Re2 $11 {and White stays safe.}) 22... Nd6 $2 ({Worse is} 22... Qf6 23. Rc2 $15) ({Black should try} 22... Nd2 $19 23. Qd1 Nf3+ 24. Kh1 Nxe1 25. Qxe1 Qd6) 23. b5 Qd7 24. Ba3 Rfd8 (24... Rxc1 {simplifies} 25. Rxc1 Rc8 26. Rxc8+ Nxc8 27. Qd1 Qf7) 25. Rc5 b6 26. Rcc1 Nf7 27. Bh3 Ng5 28. Bg2 Bf6 29. Re2 (29. h4 $5 Nf7 30. Bh3 $14) 29... Rxc1+ {[%emt 0:00:12] The position is equal.} 30. Bxc1 Rc8 31. Rc2 Be7 32. Rc3 Kg7 33. Qc2 Rxc3 34. Qxc3 Bd6 35. h4 Nf7 36. Bh3 Kf6 37. Bd2 Qc7 38. Qxc7 Bxc7 $11 {[%emt 0:00:01][%mdl 4096] Endgame KBB-KBN} 39. Bb4 Bd6 40. Bc3 Ba3 41. Kf1 Nd6 42. Ke2 Nc4 43. Kd1 Bd6 44. Kc2 h6 45. Bf1 Na3+ {[%emt 0:00:02] Weighted Error Value: White=0.27 (precise) /Black=0.27 (precise)} (45... Be7 $11) 1-0

[Event "Romanian Team Blitz Open 2022"]
[Site "Sebes"]
[Date "2022.12.04"]
[Round "4.31"]
[White "Popescu, Alexandru-Mihai"]
[Black "Craciun, Ovidiu"]
[Result "0-1"]
[ECO "C47"]
[WhiteElo "1634"]
[BlackElo "1857"]
[Annotator "NA RC COMBH"]
[PlyCount "82"]
[EventDate "2022.12.04"]
[EventType "blitz"]
[EventCountry "ROU"]
[SourceTitle "playchess.com"]
[Source "ChessBase"]
[SourceQuality "1"]
[TimeControl "180+2"]

1. e4 e5 2. Nf3 Nc6 3. d4 exd4 4. Nxd4 Nf6 5. Nc3 Bb4 6. Nxc6 bxc6 7. Bd3 d5 8. exd5 cxd5 9. O-O O-O 10. Bg5 c6 11. h3 h6 12. Bh4 Bxc3 13. bxc3 Qd6 14. Qf3 Nh7 15. Rfe1 Be6 16. Rab1 Qc5 17. Qe3 Qxe3 18. Rxe3 Rab8 19. Rb3 d4 20. Rxb8 Rxb8 21. cxd4 Bxa2 22. Kh2 Be6 23. f4 a5 24. f5 Bd7 25. Re7 Nf8 26. g4 a4 27. Bc4 Rb4 28. Bxf7+ Kh8 29. c3 Rb2+ 30. Kg3 a3 31. Re1 a2 32. Ra1 Rc2 33. Rxa2 Rxc3+ 34. Kg2 c5 35. Ra8 Bc6+ 36. d5 Bxa8 37. Be7 Nh7 38. Be6 Ng5 39. h4 Nxe6 40. fxe6 Bxd5+ 41. Kf2 Bxe6 0-1